Selects Special Operations Battlegroup
Selects M29 Weasel Recon Vehicle
Mechanized Support Center
Construct Weapon Support Center
Construct Medical Station
Construct Weapon Support Center
M3 75 mm Gun Motor Carriage
Selects P-47 Anti-Infantry Loiter
P-47 Anti-Infantry Loiter
M1918 Browning Automatic Rifles
P-47 Anti-Infantry Loiter
Selects SSF Commando Squad
P-47 Anti-Infantry Loiter
M4(105) Sherman Bulldozer
M18 Hellcat Tank Destroyer
P-47 Anti-Infantry Loiter
Selects M4A1 Sherman Whizbang
P-47 Anti-Infantry Loiter
Selects Air Re-supply Operation
M4(105) Sherman Bulldozer
P-47 Anti-Infantry Loiter